AoeStats
← randomciv

Arabia

503769491Analyzed
1v1 RM · 1mo ago on Sep 2, 2026· 61m 12s· 2 players
Game mode
Random Map
Map size
Tiny (2 player)
Population
200
Speed
Normal
Resources
Standard
Victory
Conquest
Starting age
Dark Age
Ending age
Imperial Age
RankedLock teamsTeams togetherTeam positionsShared explorationLock speedFull tech treeHidden civsTurbo modeCheats
Victory
Defeat
🇲🇽 Hindustanis · Mexico
1882
+18
🇦🇷 Celts · Argentina
1936
-18
MZTK | Albert_Stone
5:49 Loom
8:28 Feudal Age
10:28 Double-Bit Axe
14:02 Fletching
14:38 Padded Archer Armor
18:47 Wheelbarrow
21:58 Castle Age
21:12 Scale Barding Armor
20:49 Horse Collar
22:37 Forging
22:35 Bodkin Arrow
29:20 Bloodlines
32:32 Ballistics
34:14 Bow Saw
34:14 Gold Mining
37:20 Husbandry
38:24 Squires
38:25 Scale Mail Armor
39:50 Forging
41:47 Hand Cart
46:41 Imperial Age
45:06 Chain Mail Armor
45:32 Leather Archer Armor
46:43 Light Cavalry
48:31 Chemistry
47:59 Heavy Plow
48:17 Bracer
49:40 Ring Archer Armor
50:49 Chain Barding Armor
53:32 Plate Barding Armor
54:18 Iron Casting
54:14 Shatagni
58:01 Siege Engineers
60:22 Blast Furnace
59:09 Town Watch
60:48 Hussar
randomciv
6:38 Loom
8:50 Feudal Age
10:01 Double-Bit Axe
13:55 Fletching
22:27 Castle Age
20:36 Horse Collar
21:48 Scale Barding Armor
22:29 Gold Mining
22:30 Crossbowman
23:05 Bodkin Arrow
29:15 Bow Saw
29:38 Fervor
29:42 Padded Archer Armor
33:56 Stone Mining
36:46 Wheelbarrow
35:57 Town Watch
41:43 Imperial Age
40:41 Ballistics
40:34 Forging
43:41 Hand Cart
43:01 Man-at-Arms
43:27 Gambesons
45:17 Scale Mail Armor
46:56 Conscription
46:53 Chain Mail Armor
46:01 Long Swordsman
50:13 Pikeman
60:30 Plate Mail Armor
Connection lost

Rejoining the realm…

Still unreachable

The connection could not be restored.

Session expired

The server has moved on; the page needs a fresh start.